 Dungeon Crawl Stone Soup version 0.18.1-8-gdd0e5ea (webtiles) character file.

77 deorigin the Chiller (level 4, 30/30 HPs)
             Began as a Demonspawn Ice Elementalist on June 5, 2016.
             Quit the game on level 3 of the Dungeon.
             The game lasted 00:04:37 (2098 turns).

deorigin the Chiller (Demonspawn Ice Elementalist)  Turns: 2098, Time: 00:04:38

Health: 30/30      AC:  7    Str:  8    XL:     4   Next: 13%
Magic:  5/7        EV: 14    Int: 21    God:
Gold:   107        SH:  0    Dex: 13    Spells: 2 memorised, 3 levels left

rFire  . . .     SeeInvis .     h - +0 dagger
rCold  . . .     Gourm    .     a - +0 robe
rNeg   . . .     Faith    .     (no shield)
rPois  .         Spirit   .     n - +2 helmet {Int+3}
rElec  .         Dismiss  .     (no cloak)
rCorr  .         Reflect  .     f - +1 pair of gloves
SustAt .         Harm     .     (no boots)
MR     .....                    (no amulet)
Stlth  +++.......               (no ring)
                                u - ring of stealth

@: not resistant to hostile enchantments, fairly stealthy
A: claws 1, repulsion field 1, rot immunity
a: no special abilities


You were on level 3 of the Dungeon.
You were not hungry.

You visited 1 branch of the dungeon, and saw 3 of its levels.

You collected 107 gold pieces.

Inventory:

Hand Weapons
 h - a +0 dagger (weapon)
Missiles
 m - 23 poisoned needles
Armour
 a - a +0 robe (worn)
 d - a +0 leather armour
 f - a +1 pair of gloves (worn)
 j - a +0 chain mail
 n - a +2 helmet of intelligence (worn)
Jewellery
 u - a ring of stealth (left hand)
Wands
 k - a wand of slowing (23/48)
Scrolls
 e - 3 scrolls of magic mapping
 g - 2 scrolls of remove curse
 q - a scroll of noise {unknown}
Potions
 i - a potion of cure mutation {unknown}
 l - a potion of resistance {unknown}
 r - 2 potions of curing
 t - a potion of cancellation {unknown}
Books
 b - a book of Frost

   Spells                             Type                      Level
   a - Freeze                         Ice                          1
   b - Throw Frost                    Conjuration/Ice              2
   c - Ozocubu's Armour               Charms/Ice                   3
   d - Throw Icicle                   Conjuration/Ice              4
   e - Summon Ice Beast               Ice/Summoning                4
Comestibles
 c - 2 bread rations
 o - 5 chunks of flesh
 p - a meat ration
 s - a slice of pizza


   Skills:
 - Level 1.7 Dodging
 - Level 1.7 Stealth
 - Level 2.0 Spellcasting
   Level 1.0 Conjurations
 + Level 2.0 Charms
 - Level 3.9 Ice Magic


You had 3 spell levels left.
You knew the following spells:

 Your Spells              Type           Power        Failure   Level  Hunger
a - Freeze                Ice            ###.         3%          1    #......
b - Ozocubu's Armour      Chrm/Ice       ##......     17%         3    ###....


Dungeon Overview and Level Annotations

Branches:
Dungeon (3/15)

Altars:


Innate Abilities, Weirdness & Mutations

You have sharp fingernails.
You are surrounded by a mild repulsion field (EV +2).
You are immune to rotting.


Message History

A bat comes into view.
Found 9 stones and 10 gold pieces.
Found a stone staircase leading down.
The bat barely misses you.
Casting: Freeze
Confirm with . or Enter, or press ? or * to list all spells.
Aiming: Freeze
Press: ? - help, Shift-Dir - straight line, f - bat
Aim: a bat You freeze the bat.
The bat is severely wounded.
The bat barely misses you. The bat closely misses you.
The bat completely misses you.
Casting: Freeze
Confirm with . or Enter, or press ? or * to list all spells.
Aiming: Freeze
Press: ? - help, Shift-Dir - straight line, f/p - bat
Aim: a bat (severely wounded)
You freeze the bat.
You kill the bat!
Are you sure you want to abandon this character and quit the game? (Confirm with "yes".)

########
#.รท.<..#
#.####.#
########.#.##.#
......(@........
#..#####.#.##>##
#....$ #######


There were no monsters in sight!

Vanquished Creatures
  3 adders (D:2)
  2 dart slugs
  2 worms (D:2)
  A ball python (D:1)
  3 giant cockroaches
  4 hobgoblins
  3 jackals (D:3)
  2 kobolds (D:1)
  6 bats
  5 giant newts
  6 goblins
  7 rats
44 creatures vanquished.

Notes
Turn   | Place    | Note
--------------------------------------------------------------
     0 | D:1      | deorigin the Demonspawn Ice Elementalist began the quest for the Orb.
     0 | D:1      | Reached XP level 1. HP: 13/13 MP: 3/3
   135 | D:1      | Reached skill level 3 in Ice Magic
   561 | D:1      | Gained mutation: You are immune to rotting. [demonic ancestry]
   561 | D:1      | Reached XP level 2. HP: 19/19 MP: 5/5
  1326 | D:2      | Gained mutation: You have sharp fingernails. [demonic ancestry]
  1326 | D:2      | Reached XP level 3. HP: 24/24 MP: 4/6
  1331 | D:2      | Learned a level 3 spell: Ozocubu's Armour
  1490 | D:2      | Reached skill level 1 in Charms
  1886 | D:2      | Gained mutation: You are surrounded by a mild repulsion field (EV +2). [demonic ancestry]
  1886 | D:2      | Reached XP level 4. HP: 29/30 MP: 4/7
  2098 | D:3      | Quit the game

Skill      XL: |  1  2  3  4 |
---------------+-------------+-----
Ice Magic      | 3 |  3.9
Charms         | 1 2 |  2.0
Dodging        | |  1.7
Stealth        | |  1.7
Spellcasting   | |  2.0
Conjurations   | |  1.0

Action                   |  1- 3 |  4- 6 || total
-------------------------+-------+-------++-------
Melee: Dagger            |    43 |     8 ||    51
 Cast: Freeze            |    53 |     3 ||    56
  Use: Scroll            |     6 |       ||     6
 Stab: Sleeping          |     8 |     4 ||    12
  Eat: Chunk             |     4 |       ||     4
Armor: Robe              |    30 |     3 ||    33
Dodge: Dodged            |    36 |     6 ||    42
